%YAML 1.1
%TAG !u! tag:unity3d.com,2011:
--- !u!1 &3622287735602384483
GameObject:
  m_ObjectHideFlags: 0
  m_CorrespondingSourceObject: {fileID: 0}
  m_PrefabInstance: {fileID: 0}
  m_PrefabAsset: {fileID: 0}
  serializedVersion: 6
  m_Component:
  - component: {fileID: 4704934069545148156}
  m_Layer: 0
  m_Name: Gun
  m_TagString: Untagged
  m_Icon: {fileID: 0}
  m_NavMeshLayer: 0
  m_StaticEditorFlags: 0
  m_IsActive: 1
--- !u!4 &4704934069545148156
Transform:
  m_ObjectHideFlags: 0
  m_CorrespondingSourceObject: {fileID: 0}
  m_PrefabInstance: {fileID: 0}
  m_PrefabAsset: {fileID: 0}
  m_GameObject: {fileID: 3622287735602384483}
  m_LocalRotation: {x: -0, y: -0, z: 0.6078881, w: 0.7940228}
  m_LocalPosition: {x: -0.19, y: -3.31, z: 11.848007}
  m_LocalScale: {x: 1, y: 1, z: 1}
  m_Children:
  - {fileID: 2934683471104741568}
  - {fileID: 261558516340093211}
  m_Father: {fileID: 3841367644552360493}
  m_RootOrder: 1
  m_LocalEulerAnglesHint: {x: 0, y: 0, z: 74.874}
--- !u!1 &7658426939551107637
GameObject:
  m_ObjectHideFlags: 0
  m_CorrespondingSourceObject: {fileID: 0}
  m_PrefabInstance: {fileID: 0}
  m_PrefabAsset: {fileID: 0}
  serializedVersion: 6
  m_Component:
  - component: {fileID: 3841367644552360493}
  m_Layer: 0
  m_Name: Level 18
  m_TagString: Untagged
  m_Icon: {fileID: 0}
  m_NavMeshLayer: 0
  m_StaticEditorFlags: 0
  m_IsActive: 1
--- !u!4 &3841367644552360493
Transform:
  m_ObjectHideFlags: 0
  m_CorrespondingSourceObject: {fileID: 0}
  m_PrefabInstance: {fileID: 0}
  m_PrefabAsset: {fileID: 0}
  m_GameObject: {fileID: 7658426939551107637}
  m_LocalRotation: {x: 0, y: 0, z: 0, w: 1}
  m_LocalPosition: {x: 0, y: 0, z: 0}
  m_LocalScale: {x: 1, y: 1, z: 1}
  m_Children:
  - {fileID: 2806325951408011937}
  - {fileID: 4704934069545148156}
  - {fileID: 2447650997274405791}
  - {fileID: 6669241185954310298}
  - {fileID: 9114867024664475191}
  - {fileID: 6148963872785406919}
  - {fileID: 7388069858088139539}
  m_Father: {fileID: 0}
  m_RootOrder: 0
  m_LocalEulerAnglesHint: {x: 0, y: 0, z: 0}
--- !u!1001 &1652720483348559571
PrefabInstance:
  m_ObjectHideFlags: 0
  serializedVersion: 2
  m_Modification:
    m_TransformParent: {fileID: 4704934069545148156}
    m_Modifications:
    - target: {fileID: 4491693654098322963, guid: f64f14078dfaf3b4382c2e9ea69f4aa0,
        type: 3}
      propertyPath: m_LocalPosition.x
      value: 0.24484809
      objectReference: {fileID: 0}
    - target: {fileID: 4491693654098322963, guid: f64f14078dfaf3b4382c2e9ea69f4aa0,
        type: 3}
      propertyPath: m_LocalPosition.y
      value: -2.9501228
      objectReference: {fileID: 0}
    - target: {fileID: 4491693654098322963, guid: f64f14078dfaf3b4382c2e9ea69f4aa0,
        type: 3}
      propertyPath: m_LocalPosition.z
      value: -11.448008
      objectReference: {fileID: 0}
    - target: {fileID: 4491693654098322963, guid: f64f14078dfaf3b4382c2e9ea69f4aa0,
        type: 3}
      propertyPath: m_LocalRotation.x
      value: 0.7071068
      objectReference: {fileID: 0}
    - target: {fileID: 4491693654098322963, guid: f64f14078dfaf3b4382c2e9ea69f4aa0,
        type: 3}
      propertyPath: m_LocalRotation.y
      value: -0
      objectReference: {fileID: 0}
    - target: {fileID: 4491693654098322963, guid: f64f14078dfaf3b4382c2e9ea69f4aa0,
        type: 3}
      propertyPath: m_LocalRotation.z
      value: -0
      objectReference: {fileID: 0}
    - target: {fileID: 4491693654098322963, guid: f64f14078dfaf3b4382c2e9ea69f4aa0,
        type: 3}
      propertyPath: m_LocalRotation.w
      value: 0.7071068
      objectReference: {fileID: 0}
    - target: {fileID: 4491693654098322963, guid: f64f14078dfaf3b4382c2e9ea69f4aa0,
        type: 3}
      propertyPath: m_RootOrder
      value: 0
      objectReference: {fileID: 0}
    - target: {fileID: 4491693654098322963, guid: f64f14078dfaf3b4382c2e9ea69f4aa0,
        type: 3}
      propertyPath: m_LocalEulerAnglesHint.x
      value: 90
      objectReference: {fileID: 0}
    - target: {fileID: 4491693654098322963, guid: f64f14078dfaf3b4382c2e9ea69f4aa0,
        type: 3}
      propertyPath: m_LocalEulerAnglesHint.y
      value: 0
      objectReference: {fileID: 0}
    - target: {fileID: 4491693654098322963, guid: f64f14078dfaf3b4382c2e9ea69f4aa0,
        type: 3}
      propertyPath: m_LocalEulerAnglesHint.z
      value: 0
      objectReference: {fileID: 0}
    - target: {fileID: 4491693654098322963, guid: f64f14078dfaf3b4382c2e9ea69f4aa0,
        type: 3}
      propertyPath: m_LocalScale.y
      value: 1
      objectReference: {fileID: 0}
    - target: {fileID: 4491693654098322963, guid: f64f14078dfaf3b4382c2e9ea69f4aa0,
        type: 3}
      propertyPath: m_LocalScale.z
      value: 1
      objectReference: {fileID: 0}
    - target: {fileID: 8511287009616507962, guid: f64f14078dfaf3b4382c2e9ea69f4aa0,
        type: 3}
      propertyPath: m_Name
      value: Cannon
      objectReference: {fileID: 0}
    m_RemovedComponents: []
  m_SourcePrefab: {fileID: 100100000, guid: f64f14078dfaf3b4382c2e9ea69f4aa0, type: 3}
--- !u!4 &2934683471104741568 stripped
Transform:
  m_CorrespondingSourceObject: {fileID: 4491693654098322963, guid: f64f14078dfaf3b4382c2e9ea69f4aa0,
    type: 3}
  m_PrefabInstance: {fileID: 1652720483348559571}
  m_PrefabAsset: {fileID: 0}
--- !u!1001 &1933480079666679987
PrefabInstance:
  m_ObjectHideFlags: 0
  serializedVersion: 2
  m_Modification:
    m_TransformParent: {fileID: 3841367644552360493}
    m_Modifications:
    - target: {fileID: 2871590824497188121, guid: 4fbe9c4c226ce28409db4d7db7dcf946,
        type: 3}
      propertyPath: m_Name
      value: longplatform
      objectReference: {fileID: 0}
    - target: {fileID: 2992685244579846897, guid: 4fbe9c4c226ce28409db4d7db7dcf946,
        type: 3}
      propertyPath: m_LocalPosition.x
      value: -83
      objectReference: {fileID: 0}
    - target: {fileID: 2992685244579846897, guid: 4fbe9c4c226ce28409db4d7db7dcf946,
        type: 3}
      propertyPath: m_LocalPosition.z
      value: 11
      objectReference: {fileID: 0}
    - target: {fileID: 4261201836460505900, guid: 4fbe9c4c226ce28409db4d7db7dcf946,
        type: 3}
      propertyPath: m_LocalPosition.x
      value: -2.9
      objectReference: {fileID: 0}
    - target: {fileID: 4261201836460505900, guid: 4fbe9c4c226ce28409db4d7db7dcf946,
        type: 3}
      propertyPath: m_LocalPosition.y
      value: -1.94
      objectReference: {fileID: 0}
    - target: {fileID: 4261201836460505900, guid: 4fbe9c4c226ce28409db4d7db7dcf946,
        type: 3}
      propertyPath: m_LocalPosition.z
      value: 1.73
      objectReference: {fileID: 0}
    - target: {fileID: 4261201836460505900, guid: 4fbe9c4c226ce28409db4d7db7dcf946,
        type: 3}
      propertyPath: m_LocalRotation.x
      value: -0.65108126
      objectReference: {fileID: 0}
    - target: {fileID: 4261201836460505900, guid: 4fbe9c4c226ce28409db4d7db7dcf946,
        type: 3}
      propertyPath: m_LocalRotation.y
      value: 0.27585
      objectReference: {fileID: 0}
    - target: {fileID: 4261201836460505900, guid: 4fbe9c4c226ce28409db4d7db7dcf946,
        type: 3}
      propertyPath: m_LocalRotation.z
      value: -0.27585
      objectReference: {fileID: 0}
    - target: {fileID: 4261201836460505900, guid: 4fbe9c4c226ce28409db4d7db7dcf946,
        type: 3}
      propertyPath: m_LocalRotation.w
      value: 0.65108126
      objectReference: {fileID: 0}
    - target: {fileID: 4261201836460505900, guid: 4fbe9c4c226ce28409db4d7db7dcf946,
        type: 3}
      propertyPath: m_RootOrder
      value: 2
      objectReference: {fileID: 0}
    - target: {fileID: 4261201836460505900, guid: 4fbe9c4c226ce28409db4d7db7dcf946,
        type: 3}
      propertyPath: m_LocalEulerAnglesHint.x
      value: -44.077003
      objectReference: {fileID: 0}
    - target: {fileID: 4261201836460505900, guid: 4fbe9c4c226ce28409db4d7db7dcf946,
        type: 3}
      propertyPath: m_LocalEulerAnglesHint.y
      value: 90.00001
      objectReference: {fileID: 0}
    - target: {fileID: 4261201836460505900, guid: 4fbe9c4c226ce28409db4d7db7dcf946,
        type: 3}
      propertyPath: m_LocalEulerAnglesHint.z
      value: -90.00001
      objectReference: {fileID: 0}
    m_RemovedComponents: []
  m_SourcePrefab: {fileID: 100100000, guid: 4fbe9c4c226ce28409db4d7db7dcf946, type: 3}
--- !u!4 &2447650997274405791 stripped
Transform:
  m_CorrespondingSourceObject: {fileID: 4261201836460505900, guid: 4fbe9c4c226ce28409db4d7db7dcf946,
    type: 3}
  m_PrefabInstance: {fileID: 1933480079666679987}
  m_PrefabAsset: {fileID: 0}
--- !u!1001 &3299412763641200366
PrefabInstance:
  m_ObjectHideFlags: 0
  serializedVersion: 2
  m_Modification:
    m_TransformParent: {fileID: 3841367644552360493}
    m_Modifications:
    - target: {fileID: 809465927352140879, guid: 61dfd91a06023c748959d1e61790931d,
        type: 3}
      propertyPath: m_LocalPosition.x
      value: 0.66
      objectReference: {fileID: 0}
    - target: {fileID: 809465927352140879, guid: 61dfd91a06023c748959d1e61790931d,
        type: 3}
      propertyPath: m_LocalPosition.y
      value: 1.31
      objectReference: {fileID: 0}
    - target: {fileID: 809465927352140879, guid: 61dfd91a06023c748959d1e61790931d,
        type: 3}
      propertyPath: m_LocalPosition.z
      value: 0.4
      objectReference: {fileID: 0}
    - target: {fileID: 809465927352140879, guid: 61dfd91a06023c748959d1e61790931d,
        type: 3}
      propertyPath: m_LocalRotation.x
      value: 0.7071068
      objectReference: {fileID: 0}
    - target: {fileID: 809465927352140879, guid: 61dfd91a06023c748959d1e61790931d,
        type: 3}
      propertyPath: m_LocalRotation.y
      value: 0
      objectReference: {fileID: 0}
    - target: {fileID: 809465927352140879, guid: 61dfd91a06023c748959d1e61790931d,
        type: 3}
      propertyPath: m_LocalRotation.z
      value: 0
      objectReference: {fileID: 0}
    - target: {fileID: 809465927352140879, guid: 61dfd91a06023c748959d1e61790931d,
        type: 3}
      propertyPath: m_LocalRotation.w
      value: 0.7071068
      objectReference: {fileID: 0}
    - target: {fileID: 809465927352140879, guid: 61dfd91a06023c748959d1e61790931d,
        type: 3}
      propertyPath: m_RootOrder
      value: 0
      objectReference: {fileID: 0}
    - target: {fileID: 809465927352140879, guid: 61dfd91a06023c748959d1e61790931d,
        type: 3}
      propertyPath: m_LocalEulerAnglesHint.x
      value: 90
      objectReference: {fileID: 0}
    - target: {fileID: 809465927352140879, guid: 61dfd91a06023c748959d1e61790931d,
        type: 3}
      propertyPath: m_LocalEulerAnglesHint.y
      value: 0
      objectReference: {fileID: 0}
    - target: {fileID: 809465927352140879, guid: 61dfd91a06023c748959d1e61790931d,
        type: 3}
      propertyPath: m_LocalEulerAnglesHint.z
      value: 0
      objectReference: {fileID: 0}
    - target: {fileID: 4422698798985098844, guid: 61dfd91a06023c748959d1e61790931d,
        type: 3}
      propertyPath: m_Name
      value: FinishPref
      objectReference: {fileID: 0}
    m_RemovedComponents: []
  m_SourcePrefab: {fileID: 100100000, guid: 61dfd91a06023c748959d1e61790931d, type: 3}
--- !u!4 &2806325951408011937 stripped
Transform:
  m_CorrespondingSourceObject: {fileID: 809465927352140879, guid: 61dfd91a06023c748959d1e61790931d,
    type: 3}
  m_PrefabInstance: {fileID: 3299412763641200366}
  m_PrefabAsset: {fileID: 0}
--- !u!1001 &4997965595215678747
PrefabInstance:
  m_ObjectHideFlags: 0
  serializedVersion: 2
  m_Modification:
    m_TransformParent: {fileID: 3841367644552360493}
    m_Modifications:
    - target: {fileID: 2871590824497188121, guid: 4fbe9c4c226ce28409db4d7db7dcf946,
        type: 3}
      propertyPath: m_Name
      value: longplatform (2)
      objectReference: {fileID: 0}
    - target: {fileID: 2992685244579846897, guid: 4fbe9c4c226ce28409db4d7db7dcf946,
        type: 3}
      propertyPath: m_LocalPosition.x
      value: -97
      objectReference: {fileID: 0}
    - target: {fileID: 2992685244579846897, guid: 4fbe9c4c226ce28409db4d7db7dcf946,
        type: 3}
      propertyPath: m_LocalPosition.z
      value: 11
      objectReference: {fileID: 0}
    - target: {fileID: 4261201836460505900, guid: 4fbe9c4c226ce28409db4d7db7dcf946,
        type: 3}
      propertyPath: m_LocalPosition.x
      value: -3.03
      objectReference: {fileID: 0}
    - target: {fileID: 4261201836460505900, guid: 4fbe9c4c226ce28409db4d7db7dcf946,
        type: 3}
      propertyPath: m_LocalPosition.y
      value: 2.04
      objectReference: {fileID: 0}
    - target: {fileID: 4261201836460505900, guid: 4fbe9c4c226ce28409db4d7db7dcf946,
        type: 3}
      propertyPath: m_LocalPosition.z
      value: 1.75
      objectReference: {fileID: 0}
    - target: {fileID: 4261201836460505900, guid: 4fbe9c4c226ce28409db4d7db7dcf946,
        type: 3}
      propertyPath: m_LocalRotation.x
      value: -0.40671274
      objectReference: {fileID: 0}
    - target: {fileID: 4261201836460505900, guid: 4fbe9c4c226ce28409db4d7db7dcf946,
        type: 3}
      propertyPath: m_LocalRotation.y
      value: 0.5745679
      objectReference: {fileID: 0}
    - target: {fileID: 4261201836460505900, guid: 4fbe9c4c226ce28409db4d7db7dcf946,
        type: 3}
      propertyPath: m_LocalRotation.z
      value: -0.5719379
      objectReference: {fileID: 0}
    - target: {fileID: 4261201836460505900, guid: 4fbe9c4c226ce28409db4d7db7dcf946,
        type: 3}
      propertyPath: m_LocalRotation.w
      value: 0.42112175
      objectReference: {fileID: 0}
    - target: {fileID: 4261201836460505900, guid: 4fbe9c4c226ce28409db4d7db7dcf946,
        type: 3}
      propertyPath: m_RootOrder
      value: 4
      objectReference: {fileID: 0}
    - target: {fileID: 4261201836460505900, guid: 4fbe9c4c226ce28409db4d7db7dcf946,
        type: 3}
      propertyPath: m_LocalEulerAnglesHint.x
      value: 18.342001
      objectReference: {fileID: 0}
    - target: {fileID: 4261201836460505900, guid: 4fbe9c4c226ce28409db4d7db7dcf946,
        type: 3}
      propertyPath: m_LocalEulerAnglesHint.y
      value: 89.462006
      objectReference: {fileID: 0}
    - target: {fileID: 4261201836460505900, guid: 4fbe9c4c226ce28409db4d7db7dcf946,
        type: 3}
      propertyPath: m_LocalEulerAnglesHint.z
      value: -89.09801
      objectReference: {fileID: 0}
    m_RemovedComponents: []
  m_SourcePrefab: {fileID: 100100000, guid: 4fbe9c4c226ce28409db4d7db7dcf946, type: 3}
--- !u!4 &9114867024664475191 stripped
Transform:
  m_CorrespondingSourceObject: {fileID: 4261201836460505900, guid: 4fbe9c4c226ce28409db4d7db7dcf946,
    type: 3}
  m_PrefabInstance: {fileID: 4997965595215678747}
  m_PrefabAsset: {fileID: 0}
--- !u!1001 &5105827276695820801
PrefabInstance:
  m_ObjectHideFlags: 0
  serializedVersion: 2
  m_Modification:
    m_TransformParent: {fileID: 4704934069545148156}
    m_Modifications:
    - target: {fileID: -4216859302048453862, guid: e14b3d784091ec746b89a3e10ccc1ec3,
        type: 3}
      propertyPath: m_LocalPosition.x
      value: 8.54
      objectReference: {fileID: 0}
    - target: {fileID: -4216859302048453862, guid: e14b3d784091ec746b89a3e10ccc1ec3,
        type: 3}
      propertyPath: m_LocalPosition.y
      value: -8.5
      objectReference: {fileID: 0}
    - target: {fileID: -4216859302048453862, guid: e14b3d784091ec746b89a3e10ccc1ec3,
        type: 3}
      propertyPath: m_LocalPosition.z
      value: -11.45
      objectReference: {fileID: 0}
    - target: {fileID: -4216859302048453862, guid: e14b3d784091ec746b89a3e10ccc1ec3,
        type: 3}
      propertyPath: m_LocalRotation.x
      value: 0.7071068
      objectReference: {fileID: 0}
    - target: {fileID: -4216859302048453862, guid: e14b3d784091ec746b89a3e10ccc1ec3,
        type: 3}
      propertyPath: m_LocalRotation.y
      value: -0
      objectReference: {fileID: 0}
    - target: {fileID: -4216859302048453862, guid: e14b3d784091ec746b89a3e10ccc1ec3,
        type: 3}
      propertyPath: m_LocalRotation.z
      value: -0
      objectReference: {fileID: 0}
    - target: {fileID: -4216859302048453862, guid: e14b3d784091ec746b89a3e10ccc1ec3,
        type: 3}
      propertyPath: m_LocalRotation.w
      value: 0.7071068
      objectReference: {fileID: 0}
    - target: {fileID: -4216859302048453862, guid: e14b3d784091ec746b89a3e10ccc1ec3,
        type: 3}
      propertyPath: m_RootOrder
      value: 1
      objectReference: {fileID: 0}
    - target: {fileID: -4216859302048453862, guid: e14b3d784091ec746b89a3e10ccc1ec3,
        type: 3}
      propertyPath: m_LocalEulerAnglesHint.x
      value: 90
      objectReference: {fileID: 0}
    - target: {fileID: -4216859302048453862, guid: e14b3d784091ec746b89a3e10ccc1ec3,
        type: 3}
      propertyPath: m_LocalEulerAnglesHint.y
      value: 0
      objectReference: {fileID: 0}
    - target: {fileID: -4216859302048453862, guid: e14b3d784091ec746b89a3e10ccc1ec3,
        type: 3}
      propertyPath: m_LocalEulerAnglesHint.z
      value: 0
      objectReference: {fileID: 0}
    - target: {fileID: -927199367670048503, guid: e14b3d784091ec746b89a3e10ccc1ec3,
        type: 3}
      propertyPath: m_Name
      value: cylinder (1)
      objectReference: {fileID: 0}
    - target: {fileID: -684568028452062451, guid: e14b3d784091ec746b89a3e10ccc1ec3,
        type: 3}
      propertyPath: m_LocalPosition.x
      value: -8.33
      objectReference: {fileID: 0}
    - target: {fileID: -684568028452062451, guid: e14b3d784091ec746b89a3e10ccc1ec3,
        type: 3}
      propertyPath: m_LocalPosition.y
      value: 0.1
      objectReference: {fileID: 0}
    - target: {fileID: -684568028452062451, guid: e14b3d784091ec746b89a3e10ccc1ec3,
        type: 3}
      propertyPath: m_LocalPosition.z
      value: -2.02
      objectReference: {fileID: 0}
    m_RemovedComponents: []
  m_SourcePrefab: {fileID: 100100000, guid: e14b3d784091ec746b89a3e10ccc1ec3, type: 3}
--- !u!4 &261558516340093211 stripped
Transform:
  m_CorrespondingSourceObject: {fileID: -4216859302048453862, guid: e14b3d784091ec746b89a3e10ccc1ec3,
    type: 3}
  m_PrefabInstance: {fileID: 5105827276695820801}
  m_PrefabAsset: {fileID: 0}
--- !u!1001 &6747911879502676031
PrefabInstance:
  m_ObjectHideFlags: 0
  serializedVersion: 2
  m_Modification:
    m_TransformParent: {fileID: 3841367644552360493}
    m_Modifications:
    - target: {fileID: 2871590824497188121, guid: 4fbe9c4c226ce28409db4d7db7dcf946,
        type: 3}
      propertyPath: m_Name
      value: longplatform (4)
      objectReference: {fileID: 0}
    - target: {fileID: 2992685244579846897, guid: 4fbe9c4c226ce28409db4d7db7dcf946,
        type: 3}
      propertyPath: m_LocalPosition.x
      value: 111
      objectReference: {fileID: 0}
    - target: {fileID: 2992685244579846897, guid: 4fbe9c4c226ce28409db4d7db7dcf946,
        type: 3}
      propertyPath: m_LocalPosition.z
      value: 19
      objectReference: {fileID: 0}
    - target: {fileID: 4261201836460505900, guid: 4fbe9c4c226ce28409db4d7db7dcf946,
        type: 3}
      propertyPath: m_LocalPosition.x
      value: 0.44
      objectReference: {fileID: 0}
    - target: {fileID: 4261201836460505900, guid: 4fbe9c4c226ce28409db4d7db7dcf946,
        type: 3}
      propertyPath: m_LocalPosition.y
      value: 4.24
      objectReference: {fileID: 0}
    - target: {fileID: 4261201836460505900, guid: 4fbe9c4c226ce28409db4d7db7dcf946,
        type: 3}
      propertyPath: m_LocalPosition.z
      value: 1.754
      objectReference: {fileID: 0}
    - target: {fileID: 4261201836460505900, guid: 4fbe9c4c226ce28409db4d7db7dcf946,
        type: 3}
      propertyPath: m_LocalRotation.x
      value: -0.025890512
      objectReference: {fileID: 0}
    - target: {fileID: 4261201836460505900, guid: 4fbe9c4c226ce28409db4d7db7dcf946,
        type: 3}
      propertyPath: m_LocalRotation.y
      value: 0.70663273
      objectReference: {fileID: 0}
    - target: {fileID: 4261201836460505900, guid: 4fbe9c4c226ce28409db4d7db7dcf946,
        type: 3}
      propertyPath: m_LocalRotation.z
      value: -0.7066326
      objectReference: {fileID: 0}
    - target: {fileID: 4261201836460505900, guid: 4fbe9c4c226ce28409db4d7db7dcf946,
        type: 3}
      propertyPath: m_LocalRotation.w
      value: 0.025890479
      objectReference: {fileID: 0}
    - target: {fileID: 4261201836460505900, guid: 4fbe9c4c226ce28409db4d7db7dcf946,
        type: 3}
      propertyPath: m_RootOrder
      value: 6
      objectReference: {fileID: 0}
    - target: {fileID: 4261201836460505900, guid: 4fbe9c4c226ce28409db4d7db7dcf946,
        type: 3}
      propertyPath: m_LocalEulerAnglesHint.x
      value: 85.803
      objectReference: {fileID: 0}
    - target: {fileID: 4261201836460505900, guid: 4fbe9c4c226ce28409db4d7db7dcf946,
        type: 3}
      propertyPath: m_LocalEulerAnglesHint.y
      value: 90.00001
      objectReference: {fileID: 0}
    - target: {fileID: 4261201836460505900, guid: 4fbe9c4c226ce28409db4d7db7dcf946,
        type: 3}
      propertyPath: m_LocalEulerAnglesHint.z
      value: -90.00001
      objectReference: {fileID: 0}
    m_RemovedComponents: []
  m_SourcePrefab: {fileID: 100100000, guid: 4fbe9c4c226ce28409db4d7db7dcf946, type: 3}
--- !u!4 &7388069858088139539 stripped
Transform:
  m_CorrespondingSourceObject: {fileID: 4261201836460505900, guid: 4fbe9c4c226ce28409db4d7db7dcf946,
    type: 3}
  m_PrefabInstance: {fileID: 6747911879502676031}
  m_PrefabAsset: {fileID: 0}
--- !u!1001 &7471247448423158710
PrefabInstance:
  m_ObjectHideFlags: 0
  serializedVersion: 2
  m_Modification:
    m_TransformParent: {fileID: 3841367644552360493}
    m_Modifications:
    - target: {fileID: 2871590824497188121, guid: 4fbe9c4c226ce28409db4d7db7dcf946,
        type: 3}
      propertyPath: m_Name
      value: longplatform (1)
      objectReference: {fileID: 0}
    - target: {fileID: 2992685244579846897, guid: 4fbe9c4c226ce28409db4d7db7dcf946,
        type: 3}
      propertyPath: m_LocalRotation.y
      value: -0.14786156
      objectReference: {fileID: 0}
    - target: {fileID: 2992685244579846897, guid: 4fbe9c4c226ce28409db4d7db7dcf946,
        type: 3}
      propertyPath: m_LocalRotation.z
      value: 0.000000014901161
      objectReference: {fileID: 0}
    - target: {fileID: 2992685244579846897, guid: 4fbe9c4c226ce28409db4d7db7dcf946,
        type: 3}
      propertyPath: m_LocalRotation.w
      value: 0.9890081
      objectReference: {fileID: 0}
    - target: {fileID: 2992685244579846897, guid: 4fbe9c4c226ce28409db4d7db7dcf946,
        type: 3}
      propertyPath: m_LocalPosition.x
      value: -126
      objectReference: {fileID: 0}
    - target: {fileID: 2992685244579846897, guid: 4fbe9c4c226ce28409db4d7db7dcf946,
        type: 3}
      propertyPath: m_LocalPosition.z
      value: 11
      objectReference: {fileID: 0}
    - target: {fileID: 2992685244579846897, guid: 4fbe9c4c226ce28409db4d7db7dcf946,
        type: 3}
      propertyPath: m_LocalEulerAnglesHint.y
      value: -17.006
      objectReference: {fileID: 0}
    - target: {fileID: 2992685244579846897, guid: 4fbe9c4c226ce28409db4d7db7dcf946,
        type: 3}
      propertyPath: m_LocalEulerAnglesHint.z
      value: 0
      objectReference: {fileID: 0}
    - target: {fileID: 4261201836460505900, guid: 4fbe9c4c226ce28409db4d7db7dcf946,
        type: 3}
      propertyPath: m_LocalPosition.x
      value: 1.99
      objectReference: {fileID: 0}
    - target: {fileID: 4261201836460505900, guid: 4fbe9c4c226ce28409db4d7db7dcf946,
        type: 3}
      propertyPath: m_LocalPosition.y
      value: -1.83
      objectReference: {fileID: 0}
    - target: {fileID: 4261201836460505900, guid: 4fbe9c4c226ce28409db4d7db7dcf946,
        type: 3}
      propertyPath: m_LocalPosition.z
      value: 1.42
      objectReference: {fileID: 0}
    - target: {fileID: 4261201836460505900, guid: 4fbe9c4c226ce28409db4d7db7dcf946,
        type: 3}
      propertyPath: m_LocalRotation.x
      value: 0.7031358
      objectReference: {fileID: 0}
    - target: {fileID: 4261201836460505900, guid: 4fbe9c4c226ce28409db4d7db7dcf946,
        type: 3}
      propertyPath: m_LocalRotation.y
      value: 0.07483387
      objectReference: {fileID: 0}
    - target: {fileID: 4261201836460505900, guid: 4fbe9c4c226ce28409db4d7db7dcf946,
        type: 3}
      propertyPath: m_LocalRotation.z
      value: -0.074833855
      objectReference: {fileID: 0}
    - target: {fileID: 4261201836460505900, guid: 4fbe9c4c226ce28409db4d7db7dcf946,
        type: 3}
      propertyPath: m_LocalRotation.w
      value: -0.7031358
      objectReference: {fileID: 0}
    - target: {fileID: 4261201836460505900, guid: 4fbe9c4c226ce28409db4d7db7dcf946,
        type: 3}
      propertyPath: m_RootOrder
      value: 3
      objectReference: {fileID: 0}
    - target: {fileID: 4261201836460505900, guid: 4fbe9c4c226ce28409db4d7db7dcf946,
        type: 3}
      propertyPath: m_LocalEulerAnglesHint.x
      value: 257.85
      objectReference: {fileID: 0}
    - target: {fileID: 4261201836460505900, guid: 4fbe9c4c226ce28409db4d7db7dcf946,
        type: 3}
      propertyPath: m_LocalEulerAnglesHint.y
      value: 89.99999
      objectReference: {fileID: 0}
    - target: {fileID: 4261201836460505900, guid: 4fbe9c4c226ce28409db4d7db7dcf946,
        type: 3}
      propertyPath: m_LocalEulerAnglesHint.z
      value: -90
      objectReference: {fileID: 0}
    m_RemovedComponents: []
  m_SourcePrefab: {fileID: 100100000, guid: 4fbe9c4c226ce28409db4d7db7dcf946, type: 3}
--- !u!4 &6669241185954310298 stripped
Transform:
  m_CorrespondingSourceObject: {fileID: 4261201836460505900, guid: 4fbe9c4c226ce28409db4d7db7dcf946,
    type: 3}
  m_PrefabInstance: {fileID: 7471247448423158710}
  m_PrefabAsset: {fileID: 0}
--- !u!1001 &7959925897323995371
PrefabInstance:
  m_ObjectHideFlags: 0
  serializedVersion: 2
  m_Modification:
    m_TransformParent: {fileID: 3841367644552360493}
    m_Modifications:
    - target: {fileID: 2871590824497188121, guid: 4fbe9c4c226ce28409db4d7db7dcf946,
        type: 3}
      propertyPath: m_Name
      value: longplatform (3)
      objectReference: {fileID: 0}
    - target: {fileID: 2992685244579846897, guid: 4fbe9c4c226ce28409db4d7db7dcf946,
        type: 3}
      propertyPath: m_LocalRotation.x
      value: -0.000000059604645
      objectReference: {fileID: 0}
    - target: {fileID: 2992685244579846897, guid: 4fbe9c4c226ce28409db4d7db7dcf946,
        type: 3}
      propertyPath: m_LocalRotation.y
      value: -0.27414936
      objectReference: {fileID: 0}
    - target: {fileID: 2992685244579846897, guid: 4fbe9c4c226ce28409db4d7db7dcf946,
        type: 3}
      propertyPath: m_LocalRotation.w
      value: 0.9616872
      objectReference: {fileID: 0}
    - target: {fileID: 2992685244579846897, guid: 4fbe9c4c226ce28409db4d7db7dcf946,
        type: 3}
      propertyPath: m_LocalPosition.x
      value: -106
      objectReference: {fileID: 0}
    - target: {fileID: 2992685244579846897, guid: 4fbe9c4c226ce28409db4d7db7dcf946,
        type: 3}
      propertyPath: m_LocalPosition.z
      value: 15
      objectReference: {fileID: 0}
    - target: {fileID: 2992685244579846897, guid: 4fbe9c4c226ce28409db4d7db7dcf946,
        type: 3}
      propertyPath: m_LocalEulerAnglesHint.y
      value: -31.823002
      objectReference: {fileID: 0}
    - target: {fileID: 2992685244579846897, guid: 4fbe9c4c226ce28409db4d7db7dcf946,
        type: 3}
      propertyPath: m_LocalEulerAnglesHint.z
      value: 0
      objectReference: {fileID: 0}
    - target: {fileID: 4261201836460505900, guid: 4fbe9c4c226ce28409db4d7db7dcf946,
        type: 3}
      propertyPath: m_LocalPosition.x
      value: 3.21
      objectReference: {fileID: 0}
    - target: {fileID: 4261201836460505900, guid: 4fbe9c4c226ce28409db4d7db7dcf946,
        type: 3}
      propertyPath: m_LocalPosition.y
      value: 1.85
      objectReference: {fileID: 0}
    - target: {fileID: 4261201836460505900, guid: 4fbe9c4c226ce28409db4d7db7dcf946,
        type: 3}
      propertyPath: m_LocalPosition.z
      value: 1.42
      objectReference: {fileID: 0}
    - target: {fileID: 4261201836460505900, guid: 4fbe9c4c226ce28409db4d7db7dcf946,
        type: 3}
      propertyPath: m_LocalRotation.x
      value: 0.49401864
      objectReference: {fileID: 0}
    - target: {fileID: 4261201836460505900, guid: 4fbe9c4c226ce28409db4d7db7dcf946,
        type: 3}
      propertyPath: m_LocalRotation.y
      value: 0.5059107
      objectReference: {fileID: 0}
    - target: {fileID: 4261201836460505900, guid: 4fbe9c4c226ce28409db4d7db7dcf946,
        type: 3}
      propertyPath: m_LocalRotation.z
      value: -0.5059107
      objectReference: {fileID: 0}
    - target: {fileID: 4261201836460505900, guid: 4fbe9c4c226ce28409db4d7db7dcf946,
        type: 3}
      propertyPath: m_LocalRotation.w
      value: -0.49401855
      objectReference: {fileID: 0}
    - target: {fileID: 4261201836460505900, guid: 4fbe9c4c226ce28409db4d7db7dcf946,
        type: 3}
      propertyPath: m_RootOrder
      value: 5
      objectReference: {fileID: 0}
    - target: {fileID: 4261201836460505900, guid: 4fbe9c4c226ce28409db4d7db7dcf946,
        type: 3}
      propertyPath: m_LocalEulerAnglesHint.x
      value: 178.637
      objectReference: {fileID: 0}
    - target: {fileID: 4261201836460505900, guid: 4fbe9c4c226ce28409db4d7db7dcf946,
        type: 3}
      propertyPath: m_LocalEulerAnglesHint.y
      value: 89.99999
      objectReference: {fileID: 0}
    - target: {fileID: 4261201836460505900, guid: 4fbe9c4c226ce28409db4d7db7dcf946,
        type: 3}
      propertyPath: m_LocalEulerAnglesHint.z
      value: -90
      objectReference: {fileID: 0}
    m_RemovedComponents: []
  m_SourcePrefab: {fileID: 100100000, guid: 4fbe9c4c226ce28409db4d7db7dcf946, type: 3}
--- !u!4 &6148963872785406919 stripped
Transform:
  m_CorrespondingSourceObject: {fileID: 4261201836460505900, guid: 4fbe9c4c226ce28409db4d7db7dcf946,
    type: 3}
  m_PrefabInstance: {fileID: 7959925897323995371}
  m_PrefabAsset: {fileID: 0}
